 Dungeon Crawl Stone Soup version 0.28.0-53-g5a82cb258f (webtiles) character file.

Game seed: 3880194745956419504

2144 Diggabert the Spear-Bearer (level 9, -10/69 HPs)
             Began as a Human Gladiator on July 11, 2022.
             Was a Follower of Dithmenos.
             Mangled by a yak (11 damage)
             ... on level 7 of the Dungeon.
             The game lasted 00:15:11 (7850 turns).

Diggabert the Spear-Bearer (Human Gladiator)        Turns: 7850, Time: 00:15:11

Health: -10/69     AC: 13    Str: 18    XL:     9   Next: 56%
Magic:  9/9        EV:  9    Int:  9    God:    Dithmenos [*.....]
Gold:   281        SH:  0    Dex: 15    Spells: 8/8 levels left

rFire   . . .      SeeInvis .   r - +3 halberd
rCold   . . .      Faith    .   (shield currently unavailable)
rNeg    . . .      Spirit   .   p - +0 chain mail
rPois   +          Reflect  .   c - +0 helmet
rElec   .          Harm     .   (no cloak)
rCorr   .          Rampage  .   e - +0 pair of gloves
Will    .....                   w - +2 pair of boots
Stlth   ..........              (no amulet)
HPRegen 0.21/turn               G - ring of poison resistance
MPRegen 0.11/turn               (no ring)

@: wreathed by umbra
A: no striking features
a: Renounce Religion


You were on level 7 of the Dungeon.
You worshipped Dithmenos.
Dithmenos was aware of your devotion.
You visited 2 branches of the dungeon, and saw 9 of its levels.
You also visited: Ossuary.

You collected 281 gold pieces.

Inventory:

Hand Weapons
 a - a +0 trident
 r - a +3 halberd (weapon)
 H - a +0 glaive
Missiles
 d - 2 throwing nets
 m - 2 curare-tipped darts (quivered)
Armour
 c - a +0 helmet (worn)
 e - a +0 pair of gloves (worn)
 p - a +0 chain mail (worn)
 u - a +0 tower shield
 w - a +2 pair of boots (worn)
Jewellery
 G - a ring of poison resistance (left hand)
Wands
 n - a wand of iceblast (14)
Scrolls
 b - a scroll of teleportation {unknown}
 i - 2 scrolls of silence {unknown}
 k - a scroll of magic mapping {unknown}
 l - 2 scrolls of fog {unknown}
 o - 6 scrolls of immolation
 q - a scroll of amnesia {unknown}
 s - 4 scrolls of noise
 t - a scroll of vulnerability {unknown}
 v - a scroll of torment {unknown}
 x - a scroll of holy word {unknown}
 y - a scroll of blinking {unknown}
 z - a scroll of enchant weapon {unknown}
 C - a scroll of acquirement {unknown}
 E - a scroll of brand weapon {unknown}
Potions
 f - a potion of resistance
 g - 4 potions of attraction
 j - 5 potions of mutation
 A - 3 potions of curing
 B - a potion of cancellation
 F - a potion of flight


   Skills:
 * Level 5.9 Fighting
 * Level 10.1 Polearms
 - Level 2.0 Throwing
 * Level 5.3 Dodging


You had 8 spell levels left.
You didn't know any spells.
Your spell library contained the following spells:

 Spells                   Type           Power      Damage    Failure   Level
 Pain                     Necr           0%         1d4       100%        1
 Gell's Gravitas          Tloc           0%         N/A       100%        3
 Lesser Beckoning         Tloc           0%         N/A       100%        3
 Teleport Other           Tloc           0%         N/A       100%        3
 Agony                    Necr           0%         N/A       100%        5
 Excruciating Wounds      Necr           0%         N/A       100%        5


Dungeon Overview and Level Annotations

Branches:
Dungeon (8/15)             Temple (1/1) D:5         Ossuary (visited)
   Lair: D:8-11

Altars:
Ashenzari
Dithmenos
Elyvilon
Gozag
Hepliaklqana
Makhleb
Okawaru
Qazlal
Uskayaw
Wu Jian
Xom
Yredelemnul
The Shining One

Shops:
D:3 !

Annotations:
D:3 3 runed translucent doors, Sin92's ghost, amateur DsFi


Message History

The yak gores you.
* * * LOW HITPOINT WARNING * * *
The yak gores you but does no damage. x2
You feel much better. The yak closely misses you. The yak barely misses you.
The yak closely misses you. The yak gores you!
You slash the yak!
The yak is moderately wounded.
The yak gores you but does no damage. The yak gores you!
The yak completely misses you. The yak barely misses you.
You barely miss the yak.
The yak is moderately wounded.
The yak barely misses you. The yak gores you but does no damage.
The yak gores you. The yak gores you but does no damage.
You hit the yak but do no damage.
The yak is moderately wounded.
The yak snorts and paws the ground.
The yak gores you.
* * * LOW HITPOINT WARNING * * *
The yak barely misses you. The yak gores you but does no damage.
The yak gores you.
* * * LOW HITPOINT WARNING * * *
You completely miss the yak.
The yak is lightly wounded.
The yak gores you.
* * * LOW HITPOINT WARNING * * *
The yak gores you but does no damage. The yak gores you.
* * * LOW HITPOINT WARNING * * *
The yak gores you but does no damage.
You puncture the yak!
The yak is heavily wounded.
The yak gores you but does no damage. x2; The yak barely misses you.
The yak gores you.
* * * LOW HITPOINT WARNING * * *
Unknown command.
You puncture the yak!
The yak is almost dead.
The yak gores you.
* * * LOW HITPOINT WARNING * * *
The yak gores you but does no damage. The yak gores you!
You die...

##### #.# #.# ### #######...# #.#
#.# ..###.......#.# #.#
#.######## #.....#####...# #.#
#.....<... #######
##.######.#############
##########...........####
#.............###.##..).# #####
###.###########Y###.##..#)###...#
......# #..Y@Y#.##..#))..###.
###.#.#######.###Y#.....#....# #.
# #.#.........# #....#######.###.
# #.#########.###.#.....#.......#
# #.# #....)#.###.#.####.## # #(#
#######.# #.#.# #.## # #.# #.#
#...# #.## # #.# #.####### #<#. #
#.# #......# #.##


You could see 4 yaks.

Vanquished Creatures
  A steam dragon (D:7)
  A water moccasin (D:7)
  Duvessa (D:3)
  An ice beast (D:6)
  2 necrophages
  2 black bears
  3 ogres
  4 bullfrogs
  A scorpion (D:6)
  Dowan (D:3)
  A human zombie (Ossuary)
  An orc priest (D:5)
  3 hounds
  A jelly (D:4)
  2 bullfrog skeletons
  Jessica (D:2)
  3 centaur skeletons
  2 iguanas
  2 orc wizards
  4 mummies (Ossuary)
  9 adders
  3 gnolls (D:5)
  2 white imps
  An adder skeleton (D:2)
  2 worms
  2 dart slugs
  22 orcs
  7 ball pythons
  2 endoplasms
  2 giant cockroaches (D:2)
  2 gnoll zombies (Ossuary)
  8 goblins
  11 hobgoblins
  9 quokkas
  5 bats
  5 frilled lizards
  A hobgoblin zombie (Ossuary)
  9 kobolds
  2 kobold zombies (Ossuary)
  2 orc zombies (Ossuary)
  4 rats
147 creatures vanquished.

Vanquished Creatures (others)
  An orc wizard (D:4)
1 creature vanquished.

Grand Total: 148 creatures vanquished

Notes
Turn   | Place    | Note
-------+----------+-------------------------------------------
     0 | D:1      | Diggabert the Human Gladiator began the quest for the Orb.
     0 | D:1      | Reached XP level 1. HP: 16/16 MP: 1/1
   172 | D:1      | Reached XP level 2. HP: 22/22 MP: 2/2
   442 | D:1      | Found a faded altar of an unknown god.
   742 | D:1      | Reached XP level 3. HP: 27/27 MP: 3/3
  1440 | D:2      | Reached XP level 4. HP: 34/34 MP: 4/4
  1450 | D:2      | Reached skill level 4 in Polearms
  1645 | D:2      | Noticed Jessica
  1650 | D:2      | Killed Jessica
  1651 | D:2      | Reached XP level 5. HP: 39/39 MP: 5/5
  1869 | D:3      | Noticed Sin92's ghost (amateur DsFi)
  1869 | D:3      | Found a runed translucent gate.
  1869 | D:3      | Found a runed translucent gate.
  1869 | D:3      | Found a runed translucent gate.
  2176 | D:3      | Found Healagra's Distillery.
  2560 | D:3      | Found a burning altar of Makhleb.
  2614 | D:4      | Noticed Duvessa
  2614 | D:4      | Noticed Dowan
  2645 | D:3      | Killed Duvessa
  2646 | D:3      | Reached skill level 5 in Polearms
  2646 | D:3      | Reached XP level 6. HP: 16/45 MP: 6/6
  2653 | D:3      | Killed Dowan
  3029 | D:4      | Reached XP level 7. HP: 46/52 MP: 7/7
  3250 | D:4      | Found a white marble altar of Elyvilon.
  3314 | D:4      | Reached skill level 6 in Polearms
  3810 | D:5      | Entered Level 5 of the Dungeon
  3893 | D:5      | Found a basalt altar of Yredelemnul.
  4006 | D:5      | Reached skill level 7 in Polearms
  4006 | D:5      | Reached XP level 8. HP: 28/60 MP: 8/8
  4370 | D:5      | Found a staircase to the Ecumenical Temple.
  4390 | Temple   | Entered the Ecumenical Temple
  4460 | Temple   | Became a worshipper of Dithmenos the Shadowed
  5294 | D:6      | Found a sand-covered staircase.
  5300 | Ossuary  | Entered an ossuary
  5608 | D:6      | Reached skill level 8 in Polearms
  5810 | D:6      | Reached * piety under Dithmenos
  5811 | D:6      | Reached skill level 5 in Fighting
  5882 | D:6      | Found a stormy altar of Qazlal.
  5999 | D:6      | Reached skill level 9 in Polearms
  5999 | D:6      | Reached skill level 5 in Dodging
  5999 | D:6      | Reached XP level 9. HP: 68/68 MP: 9/9
  7366 | D:7      | Reached skill level 10 in Polearms
  7850 | D:7      | HP: 1/69 [yak (6)]
  7850 | D:7      | Mangled by a yak

Illustrated notes

Levels and vault maps discovered:
D:1:      scummos_arrival_checkerplants, layout_basic,
          ebering_ecumenical_altar_abandoned
D:2:      layout_rooms, uniq_jessica
D:3:      layout_rooms, lemuel_round_altar, ebering_ghost_rock_garden,
          serial_shops, shop
D:4:      layout_loops_ring, nicolae_elyvilon_peaceful_grove, uniq_duvessa
D:5:      layout_loops_cross, mainiacjoe_overflow_boulevard,
          minmay_temple_entry_ruins
D:6:      layout_basic, nicolae_qazlal_scattered_showers, enter_ossuary_1
D:7:      layout_loops_ring, minmay_misc_feat_rows
D:8:      layout_rooms, tgw_trog, vehumet_statue, kennysheep_nub, uniq_erica
Temple:   dpeg_three_leaves_temple

Skill      XL: |  1  2  3  4  5  6  7  8  9 |
---------------+----------------------------+-----
Polearms       | 4 5 7 9 10 | 10.1
Fighting       | 3 4 5 |  5.9
Dodging        | 4 5 |  5.3
Throwing       | |  2.0

Action                   |  1- 3 |  4- 6 |  7- 9 || total
-------------------------+-------+-------+-------++-------
Melee: Trident           |   121 |   142 |   131 ||   394
       Punch             |     1 |     2 |     1 ||     4
       Halberd           |       |       |   205 ||   205
       Scythe            |       |       |    10 ||    10
Throw: Throwing net      |       |     3 |     1 ||     4
       Dart              |       |     4 |     1 ||     5
  Use: Scroll            |       |       |     7 ||     7
       Potion            |       |       |     3 ||     3
 Stab: Held in net/web   |       |       |     1 ||     1
Armor: Leather armour    |    26 |    11 |       ||    37
       Scale mail        |       |    33 |     4 ||    37
       Ring mail         |       |     4 |       ||     4
       Skin              |       |     2 |       ||     2
       Chain mail        |       |       |   230 ||   230
Dodge: Dodged            |    52 |    94 |   136 ||   282
